Map: Lightshade LE

Players

tryhard

  • Race: Terran Terran
  • League: Diamond
  • Spawn Location: 5:00

Pumba - Winner!

  • Race: Zerg Zerg
  • League: Diamond
  • Spawn Location: 11:00

VOD

Have the link to the VOD?

Description

Time

  • Played on: Aug. 31, 2021, 5:48 p.m.
  • Length: 3:50
Show
View Real Time Build Order
Export as new Build Order

tryhard Terran 

Build Orders:  

Get SALT Encoding   

  12  0:09  Supply Depot  
  12  0:52  Barracks x2  
  12  1:40  Marine x2  
  12  1:41  Bunker  
  12  1:42  Orbital Command  
  14  1:57  Marine  
  14  1:58  Marine  
  16  2:07  SCV  
  17  2:15  Marine x2  
  17  2:16  Bunker  
  17  2:19  SCV  
  20  2:30  Supply Depot  
  20  2:32  SCV  
  20  2:33  Marine x2  
  23  2:51  SCV  
  24  3:06  Marine  
  24  3:07  Marine  
  20  3:28  Marine x2  
  20  3:29  SCV  
Show
View Real Time Build Order
Export as new Build Order

Pumba Zerg - Winner!

Build Orders: Pool First 

Get SALT Encoding   

  12  0:01  Drone  
  13  0:13  Overlord  
  13  0:17  Drone  
  14  0:31  Drone  
  14  0:34  Drone  
  16  0:38  Drone  
  17  0:43  Extractor  
  17  0:46  Drone  
  17  0:50  Spawning Pool  
  16  0:57  Drone  
  17  1:13  Drone  
  18  1:21  Hatchery  
  17  1:26  Drone  
  17  1:31  Drone  
  19  1:38  Queen  
  21  1:43  Zergling x2  
  22  1:49  Metabolic Boost  
  22  1:56  Overlord  
  22  2:05  Overlord  
  22  2:14  Roach Warren  
  21  2:17  Zergling x2  
  22  2:37  Queen  
  22  2:40  Zergling x2  
  22  2:41  Zergling x2  
  26  2:45  Zergling x2  
  26  2:51  Overlord  
  27  3:02  Roach  
  27  3:03  Roach x2  
  28  3:29  Zergling x8  
Tags
 
Add a new tag
Caveats
  • Supply blocks, unpowered buildings, or Contaminate may cause inaccurate times.
  • Supply counts are checked every 10 seconds.